 Dungeon Crawl Stone Soup version 0.27-a0-1438-g9b7c6745da (webtiles) character file.

Game seed: 8750177665920492998

394 2tc the Ruffian (level 6, -1/47 HPs)
             Began as a Draconian Transmuter on July 4, 2021.
             Slain by a scorpion (3 damage)
             ... on level 4 of the Dungeon.
             The game lasted 00:07:42 (4143 turns).

2tc the Ruffian (Draconian Transmuter)              Turns: 4143, Time: 00:07:42

Health: -1/47      AC:  6    Str: 13 (15) XL:     6   Next: 52%
Magic:  9/9        EV: 12    Int: 11 (13) God:
Gold:   154        SH:  0    Dex:  9 (11) Spells: 2/9 levels left

rFire    . . .     SeeInvis .     - Unarmed
rCold    . . .     Faith    .   (no shield)
rNeg     . . .     Spirit   .   (armour unavailable)
rPois    .         Reflect  .   (helmet currently unavailable)
rElec    .         Harm     .   (no cloak)
rCorr    .         Rampage  .   (no gloves)
Will     .....                  (boots currently unavailable)
Stlth    +.........             (no amulet)
HPRegen  0.15/turn              (no ring)
MPRegen  0.11/turn              (no ring)

@: lethally poisoned (-1 -> -5), appendages
A: horns 2, talons 2, AC +6, unfitting armour, cold-blooded
a: End Transformation


You were on level 4 of the Dungeon.
You had temporarily grown beastly horns and talons.
You visited 1 branch of the dungeon, and saw 4 of its levels.

You collected 154 gold pieces.

Inventory:

Wands
 a - a wand of digging (4)
Scrolls
 b - 2 scrolls of amnesia {unknown}


   Skills:
 - Level 1.1 Fighting
 - Level 1.7 Dodging
 - Level 6.3 Unarmed Combat
 - Level 2.0 Spellcasting
 - Level 4.0 Transmutations
 + Level 1.2 Ice Magic


You had 2 spell levels left.
You knew the following spells:

 Your Spells              Type           Power      Damage    Failure   Level
a - Beastly Appendage     Tmut           18%        N/A       5%          1
b - Wereblood             Tmut           9%         N/A       9%          2
c - Ice Form              Ice/Tmut       6%         N/A       69%         4

Your spell library contained the following spells:

 Spells                   Type           Power      Damage    Failure   Level
 Magic Dart               Conj           4%         1d3       28%         1
 Pain                     Necr           4%         1d4       28%         1
 Ensorcelled Hibernation  Hex/Ice        4%         N/A       34%         2
 Searing Ray              Conj           2%         3d3       41%         2
 Spider Form              Tmut/Pois      2%         N/A       36%         3
 Ozocubu's Armour         Ice            3%         N/A       45%         3
 Fulminant Prism          Conj/Hex       0%         3d6       96%         4
 Agony                    Necr           1%         N/A       100%        5
 Excruciating Wounds      Necr           0%         N/A       100%        5
 Shadow Creatures         Summ           N/A        N/A       100%        6
 Ozocubu's Refrigeration  Ice            1%         4d5       100%        7


Dungeon Overview and Level Annotations

Branches:
Dungeon (4/15)
 Temple: D:4-7

Altars:

Annotations:
D:3 1 runed translucent door, Crazy Yiuf


Innate Abilities, Weirdness & Mutations

You have temporarily grown beastly horns and talons.
Your plain brown scales are hard. (AC +6)
You cannot fit into any form of body armour.
You are cold-blooded and may be slowed by cold attacks.


Message History

The scorpion poisons you!
You hit the scorpion.
The scorpion is heavily wounded.
You feel very sick. The scorpion closely misses you.
You hit the scorpion.
The scorpion is heavily wounded.
You feel sick. The scorpion barely misses you.
You hit the scorpion.
Your tail-slap misses the scorpion.
The scorpion is severely wounded.
You feel sick. The scorpion stings you.
You barely miss the scorpion.
The scorpion is severely wounded.
You feel sick. The scorpion stings you.
You are more poisoned.
The scorpion poisons you!
You hit the scorpion but do no damage.
The scorpion is severely wounded.
You feel sick. The scorpion closely misses you.
You barely miss the scorpion. You claw the scorpion.
The scorpion is severely wounded.
You feel very sick. The scorpion stings you!
* * * LOW HITPOINT WARNING * * *
It was a potion of degeneration.
There was something very wrong with that liquid.
You feel weakened.
You feel dopey.
You feel clumsy.
* * * LOW HITPOINT WARNING * * *
You feel sick.
The scorpion stings you but does no damage.
You hit the scorpion. You headbutt the scorpion.
The scorpion is almost dead.
* * * LOW HITPOINT WARNING * * *
You feel sick. The scorpion closely misses you.
You closely miss the scorpion.
You headbutt the scorpion, but do no damage.
The scorpion is almost dead.
* * * LOW HITPOINT WARNING * * *
You feel sick. The scorpion stings you.
You die...

#...# #..#.##.#.# #
#...# ###)......#.#..
##.).###.............. .
.........$..#....$... ..
...............).#. ...
............#..<.# ....
##...###.####.)..##.....
#.....##........).......
.#...#.######.##@##.###
#.....## #...s$...#
#...<.# ###..###.#
##...## #..# #...# #...
##.## #.## #. ##


You could see a scorpion.

Vanquished Creatures
  Edmund (D:4)
  3 orc priests
  Robin (D:3)
  6 adders
  A river rat (D:3)
  A worm (D:2)
  A dart slug (D:2)
  7 orcs
  2 bats
  6 endoplasms
  8 giant cockroaches
  11 goblins
  9 hobgoblins
  7 jackals (D:3)
  6 quokkas
  9 ball pythons
  3 frilled lizards
  8 kobolds
  8 rats
98 creatures vanquished.

Notes
Turn   | Place    | Note
-------+----------+-------------------------------------------
     0 | D:1      | 2tc the Draconian Transmuter began the quest for the Orb.
     0 | D:1      | Reached XP level 1. HP: 16/16 MP: 3/3
   250 | D:1      | Reached XP level 2. HP: 23/23 MP: 5/5
   263 | D:1      | Learned a level 2 spell: Wereblood
   909 | D:1      | Reached skill level 4 in Unarmed Combat
  1329 | D:2      | Reached XP level 3. HP: 28/28 MP: 4/6
  1465 | D:2      | Found a faded altar of an unknown god.
  1950 | D:2      | Reached XP level 4. HP: 33/35 MP: 5/7
  1952 | D:2      | Reached skill level 5 in Unarmed Combat
  2041 | D:2      | Learned a level 4 spell: Ice Form
  2235 | D:3      | Noticed Robin
  2246 | D:3      | Killed Robin
  2593 | D:3      | Reached XP level 5. HP: 19/40 MP: 8/8
  3120 | D:3      | Reached skill level 6 in Unarmed Combat
  3539 | D:3      | Found a runed translucent door.
  3540 | D:3      | Noticed Crazy Yiuf
  3645 | D:4      | Noticed Edmund
  3685 | D:4      | HP: 3/60 [Edmund (1)]
  3686 | D:4      | Killed Edmund
  3687 | D:4      | Reached XP level 6. HP: 3/47 MP: 9/9
  4064 | D:4      | Reached skill level 1 in Ice Magic
  4143 | D:4      | HP: 2/47 [poisoned by a scorpion]
  4143 | D:4      | Slain by a scorpion

Illustrated notes

Levels and vault maps discovered:
D:1:      dpeg_arrival_concentric_ovals, layout_basic
D:2:      layout_basic, hellmonk_ecumenical_altar_blasted, st_stairs_10
D:3:      layout_basic, portal_sewer_entry_b, uniq_crazy_yiuf_cottage,
          uniq_robin
D:4:      layout_loops_cross, nicolae_uskayaw_murder_on_the_dancefloor,
          eino_small_chamber_without_monster, uniq_edmund

Skill      XL: |  1  2  3  4  5  6 |
---------------+-------------------+-----
Unarmed Combat | 4 5 6 |  6.3
Transmutations | 4 |  4.0
Ice Magic      | 1 |  1.2
Fighting       | |  1.1
Dodging        | |  1.7
Spellcasting   | |  2.0

Action                   |  1- 3 |  4- 6 || total
-------------------------+-------+-------++-------
Melee: Unarmed           |   134 |   190 ||   324
       Tailslap          |     7 |    17 ||    24
       Kick              |    15 |    28 ||    43
       Headbutt          |     7 |    18 ||    25
       Punch             |     3 |     5 ||     8
 Cast: Beastly Appendage |    27 |    24 ||    51
       Wereblood         |       |     3 ||     3
  Use: Scroll            |     4 |     1 ||     5
       Potion            |       |     8 ||     8
 Stab: Sleeping          |       |     2 ||     2
Armor: Skin              |    31 |    53 ||    84
Dodge: Dodged            |    77 |   112 ||   189

Table legend: (Time is in decaauts)
 A = Elapsed time spent in this place.
 B = Non-inter-level travel time spent in this place.
 C = Inter-level travel time spent in this place.
 D = Time resting spent in this place.
 E = Time spent auto-exploring this place.
 F = Levels seen in this place.
 G = Mean time per level.
                   A        B        C        D        E       F      G
               +--------+--------+--------+--------+--------+-----+--------+
         Total |   4105 |   3961 |    144 |     21 |   3313 |   4 | 1026.2 |
       Dungeon |   4105 |   3961 |    144 |     21 |   3313 |   4 | 1026.2 |
               +--------+--------+--------+--------+--------+-----+--------+

Top non-repeatable levels by time:
     D:3: 1507 daAuts
     D:1: 1216 daAuts
     D:2: 823 daAuts
     D:4: 557 daAuts
